Map: Acropolis LE

Players

AlioOlio - Winner!

  • Race: Zerg Zerg
  • League: Silver
  • Spawn Location: 5:00

Smeeeger

  • Race: Zerg Zerg
  • League: Platinum
  • Spawn Location: 11:00

VOD

Have the link to the VOD?

Description

Time

  • Played on: July 25, 2019, 9:06 a.m.
  • Length: 4:40
Show
View Real Time Build Order
Export as new Build Order

AlioOlio Zerg - Winner!

Build Orders: Hatch First 

Get SALT Encoding   

  12  0:11  Overlord  
  12  0:13  Drone  
  13  0:20  Drone  
  14  0:29  Drone  
  15  0:36  Drone  
  16  0:44  Drone  
  17  0:58  Drone  
  17  1:02  Hatchery  
  17  1:11  Spawning Pool  
  17  1:13  Drone  
  17  1:19  Drone  
  18  1:27  Drone  
  19  1:39  Drone  
  20  1:47  Extractor  
  20  1:53  Drone  
  20  2:01  Roach Warren  
  19  2:03  Overlord  
  19  2:04  Queen  
  21  2:12  Drone  
  22  2:18  Drone  
  23  2:25  Queen  
  25  2:31  Overlord  
  25  2:32  Drone  
  25  2:35  Extractor  
  25  2:48  Lair  
  25  2:59  Roach  
  25  3:08  Roach  
  25  3:23  Roach  
  27  3:27  Queen  
  27  3:29  Roach  
  27  3:31  Zergling x8  
  35  3:41  Drone x4  
  37  3:44  Drone  
  37  3:47  Extractor  
  37  3:48  Extractor  
  38  3:58  Drone  
  38  3:59  Drone  
  40  4:03  Overlord, Queen  
  40  4:04  Overlord  
  40  4:07  Drone  
  43  4:19  Evolution Chamber  
  43  4:20  Drone  
  43  4:22  Evolution Chamber  
  43  4:23  Drone  
Show
View Real Time Build Order
Export as new Build Order

Smeeeger Zerg 

Build Orders: Hatch First 

Get SALT Encoding   

  12  0:01  Drone  
  13  0:13  Overlord  
  13  0:22  Drone  
  14  0:32  Drone x2  
  16  0:40  Drone  
  17  0:49  Drone  
  18  0:59  Hatchery  
  18  1:00  Drone  
  18  1:03  Extractor  
  17  1:15  Spawning Pool  
  16  1:19  Drone  
  17  1:26  Drone  
  17  1:32  Drone  
  19  1:45  Overlord  
  19  2:02  Queen  
  19  2:03  Zergling x4  
  23  2:11  Queen  
  23  2:12  Zergling x2  
  26  2:15  Metabolic Boost  
  26  2:25  Drone  
  26  2:26  Drone  
  28  2:32  Drone x2  
  28  2:37  Overlord  
  30  2:43  Drone  
  31  2:47  Queen  
  31  2:50  Drone  
  34  3:07  Drone  
  34  3:08  Drone x2, Overlord  
  34  3:12  Drone x2  
  39  3:13  Drone  
  40  3:28  Hatchery  
  40  3:32  Drone, Roach Warren  
  39  3:34  Evolution Chamber  
  39  3:35  Drone x2  
  40  3:50  Drone x3  
  40  3:52  Extractor  
  40  3:53  Drone x2  
  40  3:54  Extractor  
  43  3:58  Drone  
  43  4:01  Queen  
  46  4:07  Drone  
  46  4:08  Drone x2  
  46  4:09  Overlord x2  
Tags
 
Add a new tag
Caveats
  • Supply blocks, unpowered buildings, or Contaminate may cause inaccurate times.
  • Supply counts are checked every 10 seconds.